 Dungeon Crawl Stone Soup version 0.30.1-4-g462c640d31 (webtiles) character file.

Game seed: 13837642300823356931

2715 booth the Cleaver (level 9, -2/78 HPs)
             Began as a Hill Orc Fighter on Sept 3, 2023.
             Was a Follower of Beogh.
             Slain by Amaemon
             ... wielding a -2 demon whip of venom
              (8 damage)
             ... on level 8 of the Dungeon.
             The game lasted 00:45:50 (6959 turns).

booth the Cleaver (Hill Orc Fighter)                Turns: 6959, Time: 00:45:51

Health: -2/78      AC: 13    Str: 19    XL:     9   Next: 66%
Magic:  13/13      EV:  9    Int: 10    God:    Beogh [*.....]
Gold:   461        SH: 10    Dex: 12    Spells: 8/8 levels left

rFire   + . .        o - +3 hammer "Beastslayer" {freeze, rF+}
rCold   . . .        c - +0 buckler
rNeg    + . .        b - +0 scale mail
rPois   +            v - +1 helmet of Neom Vem {Rampage SInv}
rElec   .            f - +0 cloak
rCorr   .            O - +0 pair of gloves
SInv    +            D - +0 pair of boots {Fly}
Will    .....        i - amulet of reflection Stlth
                     p - ring of poison resistance
HPRegen 0.33/turn    G - ring of positive energy
MPRegen 0.13/turn

%: reflection, rampage
@: about to teleport, flying, studying Armour
A: no striking features
a: Renounce Religion


You were on level 8 of the Dungeon.
You worshipped Beogh.
Beogh was aware of your devotion.
You visited 1 branch of the dungeon, and saw 8 of its levels.

You collected 461 gold pieces.

Inventory:

Hand Weapons
 a - a +2 war axe
 m - the +1 hammer "Ikhlah" {protect, rElec rN+ rCorr}
   (You found it on level 2 of the Dungeon)

   rElec:     It insulates you from electricity.
   rN:        It protects you from negative energy.
   rCorr:     It protects you from acid and corrosion.
 n - the +5 hammer of Distant Worlds {venom, Int+3 SInv Stlth+}
   (You found it on level 2 of the Dungeon)

   Int:       It affects your intelligence (+3).
   SInv:      It lets you see invisible.
   Stlth:     It makes you more stealthy.
 o - the +3 hammer "Beastslayer" (weapon) {freeze, rF+}
   (You found it on level 2 of the Dungeon)

   rF:        It protects you from fire.
 K - a +1 broad axe of flaming
Missiles
 g - 2 silver boomerangs (quivered)
 s - 3 boomerangs
 B - a throwing net
 I - 5 poisoned darts
Armour
 b - a +0 scale mail (worn)
 c - a +0 buckler (worn)
 f - a +0 cloak (worn)
 v - the +1 helmet of Neom Vem (worn) {Rampage SInv}
   (You took it off Robin on level 4 of the Dungeon)

   SInv:      It lets you see invisible.
   Rampage:   It bestows one free step when moving towards enemies.
 D - a +0 pair of boots of flying (worn)
 O - a +0 pair of gloves (worn)
Jewellery
 i - an amulet of reflection (around neck)
 p - a ring of poison resistance (left hand)
 G - a ring of positive energy (right hand)
Wands
 q - a wand of quicksilver (10)
 t - a wand of flame (11)
 w - a wand of polymorph (3)
Scrolls
 j - 2 scrolls of amnesia
 l - 2 scrolls of fear
 r - 4 scrolls of teleportation
 y - a scroll of summoning
 z - a scroll of enchant armour {unknown}
 C - a scroll of poison
Potions
 d - 2 potions of might
 h - 7 potions of heal wounds
 k - a potion of lignification
 x - a potion of ambrosia
 A - a potion of mutation {unknown}
 E - a potion of resistance
 F - a potion of brilliance {unknown}
 H - a potion of flight
 J - a potion of cancellation


   Skills:
 + Level 6.5 Fighting
 * Level 9.1(9.7) Axes
 + Level 4.5(6.6) Maces & Flails
 + Level 3.7 Throwing
 + Level 6.4 Armour
 + Level 6.0 Shields
 + Level 5.7 Invocations


You had 8 spell levels left.
You didn't know any spells.
Your spell library contained the following spells:

 Spells                   Type           Power      Damage    Failure   Level
 Beastly Appendage        Tmut           0%         N/A       77%         1
 Foxfire                  Conj/Fire      0%         2x1d4     77%         1
 Wereblood                Tmut           0%         N/A       88%         2
 Spider Form              Tmut/Pois      0%         N/A       98%         3
 Fireball                 Conj/Fire      0%         3d3       100%        5
 Plasma Beam              Fire/Air       0%         2x1d11    100%        6
 Starburst                Conj/Fire      0%         6d3       100%        6


Dungeon Overview and Level Annotations

Branches:
Dungeon (8/15)             Temple (0/1) D:6
   Lair: D:8-11

Altars:
Kikubaaqudgha
Makhleb
Ru
Trog
Vehumet

Annotations:
D:7 3 runed translucent doors, croobank's ghost, novice OpDe
D:8 Amaemon


Message History

You sock the scorpion! You freeze the scorpion.
The scorpion is heavily wounded.
You feel sick.
The scorpion stings you but does no damage.
You block the scorpion's attack. The orange demon stings you from afar.
* * * LOW HITPOINT WARNING * * *
The scorpion barely misses you. You block Amaemon's attack. Amaemon claws you.
* * * LOW HITPOINT WARNING * * *
Amaemon completely misses you. You block the scorpion's attack.
You feel better.
The orange demon no longer looks unusually toxic.
The scorpion barely misses you. You block the scorpion's attack.
The orange demon closely misses you.
The scorpion stings you but does no damage.
Amaemon hits you but does no damage. Amaemon claws you but does no damage.
You block Amaemon's attack.
As you read the scroll of teleportation, it crumbles to dust.
You feel strangely unstable.
The scorpion stings you but does no damage.
You block the scorpion's attack. The scorpion stings you.
* * * LOW HITPOINT WARNING * * *
Amaemon mumbles some strange words.
The orange demon stings you but does no damage.
You sock Amaemon! You freeze Amaemon.
Amaemon is almost dead.
You block the scorpion's attack. The scorpion stings you.
* * * LOW HITPOINT WARNING * * *
The scorpion closely misses you.
The scorpion stings you but does no damage.
You block the orange demon's attack.
Amaemon says, "Afraid of a little sting?"
Amaemon mumbles some strange words.
The scorpion stings you but does no damage. x2
You barely miss Amaemon.
Amaemon is almost dead.
The scorpion stings you but does no damage. x2
The orange demon stings you from afar!
* * * LOW HITPOINT WARNING * * *
You block Amaemon's attack. Amaemon claws you!
You die...

#...........#.##
#....#.........#
##...#.#.......#
##<...#......##
#............##
#..##.........##
#....#.....s.ss.#
#..##.......ssss#
... ....#...46@s#
....
....#...##s##
.....
........####
..... ..........#
.##.........#
#.#......6...
...#......4...
... ...........
## ##...).!....


You could see Amaemon, an orange demon and 9 scorpions.

Vanquished Creatures
  A wraith (D:7)
  Eustachio (D:5)
  A water moccasin (D:7)
  A black bear (D:7)
  2 ice beasts (D:6)
  3 sky beasts (D:7)
  3 ogres
  3 centaurs
  A phantom (D:5)
  3 bullfrogs
  A scorpion (D:6)
  3 howler monkeys
  2 jellies (D:5)
  A hound (D:5)
  An orc priest (D:7)
  A sleepcap (D:7)
  Crazy Yiuf (D:2)
  A gnoll bouda (D:5)
  Ijyb (D:4)
  4 orc wizards
  Natasha (twice) (D:2)
  5 iguanas
  Robin (D:4)
  7 gnolls
  14 adders
  2 white imps
  An ufetubus (D:5)
  2 dart slugs
  12 orcs
  8 ball pythons
  10 endoplasms
  3 giant cockroaches
  26 goblins
  5 hobgoblins
  8 jackals
  6 kobolds
  4 quokkas
  6 bats
  7 frilled lizards
  7 rats
171 creatures vanquished.

Vanquished Creatures (others)
  A wizard (D:4)
1 creature vanquished.

Grand Total: 172 creatures vanquished

Notes
Turn   | Place    | Note
-------+----------+-------------------------------------------
     0 | D:1      | booth the Hill Orc Fighter began the quest for the Orb.
     0 | D:1      | Reached XP level 1. HP: 19/19 MP: 1/1
    58 | D:1      | Reached skill level 3 in Axes
    58 | D:1      | Reached XP level 2. HP: 13/27 MP: 2/2
   455 | D:1      | Reached XP level 3. HP: 32/33 MP: 3/3
   564 | D:1      | Reached skill level 1 in Invocations
  1001 | D:2      | Noticed Natasha
  1009 | D:2      | Killed Natasha
  1010 | D:2      | Reached skill level 1 in Maces & Flails
  1010 | D:2      | Reached XP level 4. HP: 29/40 MP: 4/4
  1166 | D:2      | Reached skill level 4 in Axes
  1215 | D:2      | Reached skill level 1 in Throwing
  1345 | D:2      | Found a runed translucent door.
  1348 | D:2      | Noticed Crazy Yiuf
  1349 | D:2      | Identified the +1 hammer "Ikhlah" {protect, rElec rN+
                  | rCorr}
  1355 | D:2      | Identified the +5 hammer of Distant Worlds {venom, Int+3
                  | SInv Stlth+}
  1367 | D:2      | Identified the +3 hammer "Beastslayer" {freeze, rF+}
  1371 | D:2      | Identified the +6 hammer of Tortfeasance {drain, *Slow
                  | Str+3 Dex+3}
  1376 | D:2      | Noticed Natasha
  1400 | D:2      | Reached XP level 5. HP: 24/46 MP: 6/6
  1402 | D:2      | Killed Natasha
  1922 | D:2      | Killed Crazy Yiuf
  2075 | D:3      | Identified the +2 robe "Fiolowku" {+Blink rF+}
  2170 | D:3      | Found an ancient bone altar of Kikubaaqudgha.
  2370 | D:3      | Reached XP level 6. HP: 52/53 MP: 7/7
  2724 | D:4      | Identified the +1 helmet of Neom Vem {Rampage SInv}
  2724 | D:4      | Noticed Robin
  2749 | D:4      | Killed Robin
  2849 | D:4      | Noticed Ijyb
  2862 | D:4      | Killed Ijyb
  2863 | D:4      | Reached skill level 5 in Axes
  2962 | D:4      | Reached XP level 7. HP: 23/60 MP: 9/9
  3398 | D:4      | Found a bloodstained altar of Trog.
  3400 | D:4      | Noticed a wizard
  3404 | D:4      | Killed a wizard
  3619 | D:5      | Entered Level 5 of the Dungeon
  3619 | D:5      | Noticed Eustachio
  3725 | D:5      | Killed Eustachio
  3726 | D:5      | Reached skill level 5 in Fighting
  3726 | D:5      | Reached skill level 6 in Axes
  3851 | D:5      | Found a radiant altar of Vehumet.
  3859 | D:5      | Reached XP level 8. HP: 41/68 MP: 10/10
  3985 | D:5      | Found a sacrificial altar of Ru.
  4053 | D:5      | Identified the +0 chain mail of Lethargy {*Corrode +Inv
                  | Stlth+}
  4161 | D:5      | Found a burning altar of Makhleb.
  4183 | D:5      | Reached skill level 5 in Armour
  4194 | D:5      | Reached skill level 5 in Shields
  4377 | D:5      | Reached skill level 7 in Axes
  4777 | D:5      | Became a worshipper of Beogh the Brigand
  4918 | D:5      | Identified a scroll of acquirement
  4918 | D:5      | Acquired a +0 pair of boots of flying
  5434 | D:6      | Reached XP level 9. HP: 71/75 MP: 12/12
  5450 | D:6      | Reached skill level 8 in Axes
  5506 | D:6      | Found a staircase to the Ecumenical Temple.
  5813 | D:7      | Reached skill level 5 in Invocations
  5844 | D:7      | Acquired a +1 broad axe of flaming
  6472 | D:7      | Found a runed translucent gate.
  6473 | D:7      | Found a runed translucent gate.
  6473 | D:7      | Found a runed translucent gate.
  6473 | D:7      | Noticed croobank's ghost (novice OpDe)
  6580 | D:7      | Reached * piety under Beogh
  6581 | D:7      | Reached skill level 9 in Axes
  6932 | D:8      | Noticed Amaemon
  6932 | D:8      | Noticed an orange demon
  6959 | D:8      | Slain by Amaemon

Illustrated notes

Levels and vault maps discovered:
D:1:      minmay_arrival_stair_chambers, layout_rooms, dk_noncrumbling_2,
          minmay_split_cup_small
D:2:      layout_rooms, uniq_crazy_yiuf_cottage, uniq_natasha
D:3:      layout_loops_ring, kiku_gazebo_pond_becter, minmay_checkerbox
D:4:      layout_basic, trog_wizard, kennysheep_flooded_box, uniq_ijyb,
          uniq_robin
D:5:      layout_basic, mainiacjoe_overflow_concentric_impassable, minitemple,
          uniq_eustachio
D:6:      layout_basic, minmay_temple_entry_steel_oval
D:7:      layout_basic, gammafunk_ghost_split, fountainhead, minmay_manual_mess
D:8:      layout_cave_pools, lemuel_round_altar,
          chequers_temple_overflow_statue_of_worship, okawaru_ov_weapons_minmay,
          mainiacjoe_overflow_alcove_1, ebering_ghost_funeral_grove,
          nicolae_ossuary_entry_catacombs, uniq_amaemon, uniq_maggie

Skill      XL: |  1  2  3  4  5  6  7  8  9 |
---------------+----------------------------+-----
Axes           | 3 4 5 6 7 9 |  9.1
Invocations    | 1 2 3 4 5 |  5.7
Fighting       | 4 5 6 |  6.5
Maces & Flails | 1 2 3 4 |  4.5
Throwing       | 1 2 3 |  3.7
Armour         | 4 5 6 |  6.4
Shields        | 4 5 6 |  6.0

Action                     |  1- 3 |  4- 6 |  7- 9 || total
---------------------------+-------+-------+-------++-------
  Melee: War axe           |   110 |    54 |       ||   164
         Mace              |       |   125 |   349 ||   474
 Invoke: Convert to Beogh  |       |       |     1 ||     1
    Use: Scroll            |     4 |     6 |    10 ||    20
         Potion            |     1 |     1 |     7 ||     9
 Armour: Scale mail        |    70 |    67 |   156 ||   293
  Dodge: Dodged            |    64 |    67 |   120 ||   251
  Block: Buckler           |    27 |    62 |   192 ||   281
         Reflection        |       |     1 |     4 ||     5
